 Dungeon Crawl Stone Soup version 0.24-a0-520-g8fd06ad0bc (webtiles) character file.

Game seed: 15437197013856221928

373 forest the Covert (level 6, -7/30 HPs)
             Began as a Spriggan Assassin on July 23, 2019.
             Mangled by an orc warrior
             ... wielding a +0 long sword
              (17 damage)
             ... on level 4 of the Dungeon.
             The game lasted 00:10:00 (4607 turns).

forest the Covert (Spriggan Assassin)               Turns: 4607, Time: 00:10:01

Health: -7/30      AC:  4    Str:  8    XL:     6   Next: 43%
Magic:  0/7        EV: 19    Int: 14    God:
Gold:   154        SH:  0    Dex: 17    Spells: 5/5 levels left

rFire    . . .     SeeInvis +   a - +2 dagger
rCold    . . .     Gourm    .   (shield restricted)
rNeg     . . .     Faith    .   b - +0 robe
rPois    .         Spirit   +   y - +1 hat
rElec    .         Reflect  .   c - +0 cloak
rCorr    .         Harm     .   (gloves unavailable)
MR       +....                  (boots unavailable)
Stlth    ++++......             n - amulet of guardian spirit
HPRegen  0.10/turn              (no ring)
MPRegen  0.10/turn              (no ring)

@: very quick
A: very small, unfitting armour, see invisible, herbivore, speed 3, slow
metabolism 2
a: no special abilities


You were on level 4 of the Dungeon.
You were not hungry.

You visited 1 branch of the dungeon, and saw 4 of its levels.

You collected 154 gold pieces.

Inventory:

Hand Weapons
 a - a +2 dagger (weapon)
 i - a +0 hunting sling
Missiles
 d - 13 poisoned darts (quivered)
 e - 4 curare-tipped darts
 l - 41 sling bullets
 m - 101 stones
Armour
 b - a +0 robe (worn)
 c - a +0 cloak (worn)
 y - a +1 hat (worn)
Jewellery
 n - an amulet of guardian spirit (around neck)
Wands
 r - a wand of paralysis (10)
Scrolls
 g - a scroll of amnesia {unknown}
 h - 3 scrolls of noise {unknown}
 j - a scroll of fear {unknown}
 k - 2 scrolls of magic mapping {unknown}
 q - a scroll of enchant weapon {unknown}
 t - 2 scrolls of fog {unknown}
 u - a scroll of teleportation {unknown}
 w - 5 scrolls of remove curse {unknown}
 x - 2 scrolls of identify {unknown}
Potions
 o - a potion of ambrosia {unknown}
 p - a potion of lignification {unknown}
 s - a potion of flight {unknown}
 v - a potion of haste {unknown}
 z - a potion of curing {unknown}
 A - a potion of might {unknown}
 B - a potion of brilliance {unknown}
 C - a potion of degeneration {unknown}
 D - a potion of agility {unknown}
Comestibles
 f - 7 rations


   Skills:
 + Level 2.3 Fighting
 + Level 3.8 Short Blades
 + Level 3.6(4.0) Slings
 + Level 2.2(2.9) Throwing
 + Level 4.1 Dodging
 + Level 8.0 Stealth


You had 5 spell levels left.
You didn't know any spells.
Your spell library contained the following spells:

 Spells                   Type           Power        Failure   Level  Hunger
 Animate Skeleton         Necr           N/A          28%         1    ##.....
 Pain                     Necr           #...         28%         1    ##.....
 Regeneration             Chrm/Necr      #.........   65%         3    ####...
 Vampiric Draining        Necr           #.........   65%         3    ####...
 Animate Dead             Necr           N/A          96%         4    #####..


Dungeon Overview and Level Annotations

Branches:
Dungeon (4/15)
 Temple: D:4-7

Altars:


Innate Abilities, Weirdness & Mutations

You are very small and have problems with some larger weapons.
You are too small for most types of armour.
You have supernaturally acute eyesight. (SInv)
You are a herbivore.
You cover ground extremely quickly.
You need to consume almost no food.


Message History

The orc warrior is heavily wounded.
The orc warrior misses you.
You barely miss the orc warrior.
The orc warrior is heavily wounded.
You hit the orc warrior but do no damage.
The orc warrior is heavily wounded.
The orc warrior barely misses you.
You closely miss the orc warrior.
The orc warrior is heavily wounded.
The orc warrior closely misses you.
You barely miss the orc warrior.
The orc warrior is heavily wounded.
You hit the orc warrior.
The orc warrior is severely wounded.
The orc warrior hits you with a +0 long sword!
You hit the orc warrior but do no damage.
The orc warrior is severely wounded.
The orc warrior hits you with a +0 long sword!!
Ouch! That really hurt!
You die...

#..####.###.....# #.##
###. ##.####.# ###..##
#..# ## #....#.# #..# ##.#
## ####...# ##..#### #.#
#. #(.### #......# #.# #.
#....###.####.###.#####(
#..##..##.# #.#......#.(
#.###.....# #........#(#
#.##..##@.#####.........#
#....####o.......(.o..o##
...#....(.(..###...o.(..#
.........>.......######(##
....o...####.###..(..o....
...(###.<.o...((..........
.......########...#####.##
#...... ##..#####.#
#...... #........#


You could see an orc warrior.

Vanquished Creatures
  2 ogres (D:3)
  A hound (D:4)
  An iguana (D:4)
  A worker ant (D:4)
  A hound skeleton (D:4)
  2 adders (D:3)
  A worm (D:2)
  A dart slug (D:1)
  10 orcs
  A giant cockroach (D:1)
  9 goblins
  11 hobgoblins
  7 jackals
  3 quokkas
  14 bats
  4 frilled lizards
  5 kobolds
  6 rats
80 creatures vanquished.

Notes
Turn   | Place    | Note
-------+----------+-------------------------------------------
     0 | D:1      | forest the Spriggan Assassin began the quest for the Orb.
     0 | D:1      | Reached XP level 1. HP: 10/10 MP: 2/2
   343 | D:1      | Reached skill level 6 in Stealth
   431 | D:1      | Reached XP level 2. HP: 15/15 MP: 3/3
   871 | D:1      | Reached XP level 3. HP: 18/18 MP: 4/4
  1120 | D:2      | Reached skill level 7 in Stealth
  2138 | D:3      | Reached XP level 4. HP: 23/23 MP: 5/5
  3368 | D:4      | Noticed an ogre
  3368 | D:4      | Noticed an ogre
  3381 | D:4      | HP: 1/23 [ogre/+0 giant club (15)]
  3405 | D:3      | Killed an ogre
  3405 | D:3      | Reached XP level 5. HP: 2/26 MP: 2/6
  3930 | D:3      | Killed an ogre
  3930 | D:3      | Reached XP level 6. HP: 19/30 MP: 7/7
  4238 | D:4      | Reached skill level 8 in Stealth
  4377 | D:4      | Noticed an orc warrior
  4607 | D:4      | Mangled by an orc warrior

Levels and vault maps discovered:
D:1:      dpeg_arrival_rooms_c, layout_basic, minmay_heptomino_w4
D:2:      layout_basic, first_ration
D:3:      corexii_shack_village, layout_basic, minmay_misc_feat_tower
D:4:      layout_rooms, kennysheep_cross_room

Skill      XL: |  1  2  3  4  5  6 |
---------------+-------------------+-----
Stealth        | 6 7 8 |  8.0
Dodging        | 2 3 4 |  4.1
Short Blades   | 3 |  3.8
Fighting       | 2 |  2.3
Slings         | 2 3 |  3.6
Throwing       | |  2.2

Action                   |  1- 3 |  4- 6 || total
-------------------------+-------+-------++-------
Melee: Dagger            |   174 |   159 ||   333
 Fire: Hunting sling     |       |    80 ||    80
Throw: Dart              |     4 |    15 ||    19
 Stab: Sleeping          |    12 |     5 ||    17
  Eat: Ration            |       |     1 ||     1
Armor: Robe              |    30 |    23 ||    53
Dodge: Dodged            |   141 |   156 ||   297

Table legend:
 A = Non-vault XP
 B = Vault XP
 C = Vault XP percentage of total XP
 D = Non-vault monster count
 E = Vault monster count
 F = Vault count percentage of total count
                 A         B        C        D         E       F
            +---------+---------+-------+---------+---------+-------
      Total |     505 |      29 |   5.4 |      65 |      15 |  18.8
            +---------+---------+-------+---------+---------+-------
        D:1 |      42 |       8 |  16.0 |      25 |       6 |  19.4
        D:2 |      23 |       3 |  11.5 |      12 |       1 |   7.7
        D:3 |     306 |      18 |   5.6 |      21 |       8 |  27.6
        D:4 |     134 |       0 |   0.0 |       7 |       0 |   0.0
            +---------+---------+-------+---------+---------+-------
